Map: Paladino Terminal LE

Players

Goldfish - Winner!

  • Race: Zerg Zerg
  • League: Diamond
  • Spawn Location: 5:00

Musumeci

  • Race: Zerg Zerg
  • League: Diamond
  • Spawn Location: 9:00

VOD

Have the link to the VOD?

Description

Time

  • Played on: Feb. 1, 2017, 12:56 p.m.
  • Length: 9:23
Show
View Real Time Build Order
Export as new Build Order

Goldfish Zerg - Winner!

Build Orders: Pool First 

Get SALT Encoding   

  12  0:01  Drone  
  13  0:10  Drone  
  14  0:15  Extractor  
  13  0:22  Drone  
  13  0:25  Extractor  
  13  0:26  Drone  
  15  0:40  Spawning Pool  
  14  0:44  Extractor  
  14  0:48  Drone  
  15  1:17  Overlord  
  15  1:30  Metabolic Boost  
  15  1:35  Queen  
  15  1:36  Zergling x6  
  20  1:47  Zergling x2  
  21  2:01  Zergling x2  
  22  2:11  Hatchery  
  21  2:16  Drone  
  21  2:22  Overlord  
  21  2:37  Drone  
  22  2:45  Baneling Nest  
  22  2:46  Drone  
  22  2:47  Zergling x4  
  22  2:49  Drone  
  25  2:56  Drone  
  26  3:17  Drone x4  
  30  3:22  Overlord  
  30  3:24  Queen  
  32  3:40  Drone x3  
  35  3:51  Baneling x2  
  35  3:56  Drone x2  
  35  4:00  Spine Crawler  
  36  4:05  Baneling  
  36  4:06  Baneling  
  36  4:13  Drone x3, Roach Warren  
  38  4:17  Zergling x8  
  38  4:19  Drone  
  35  4:56  Roach x3  
  35  4:57  Drone x3  
  35  4:59  Extractor  
  42  5:10  Baneling x2  
  42  5:15  Hatchery  
  42  5:19  Drone x2  
  42  5:20  Overlord  
  43  5:22  Overlord  
  43  5:38  Lair  
  43  5:42  Drone x3  
  46  5:43  Drone x4  
  46  5:49  Roach x2  
  54  6:01  Queen  
  56  6:05  Drone x5  
  56  6:06  Drone  
  55  6:13  Roach  
  55  6:14  Roach  
  57  6:22  Extractor  
  55  6:27  Queen  
  50  6:41  Drone x5  
  50  6:42  Drone x5  
  50  6:45  Roach  
  62  6:48  Spore Crawler  
  62  6:52  Spore Crawler  
  59  6:58  Roach  
  59  6:59  Roach  
  61  7:15  Glial Reconstitution  
  61  7:20  Overlord x3  
  59  7:49  Roach x6  
  71  7:54  Queen  
  71  7:56  Queen  
  75  8:12  Roach x4  
  84  8:13  Roach  
  81  8:31  Zergling x8  
  84  8:54  Baneling x3  
  84  8:55  Baneling x4  
  84  9:04  Evolution Chamber  
Show
View Real Time Build Order
Export as new Build Order

Musumeci Zerg 

Build Orders: Hatch First 

Get SALT Encoding   

  12  0:01  Drone  
  13  0:08  Drone  
  14  0:43  Hatchery  
  13  0:53  Drone  
  13  0:55  Drone, Extractor  
  15  1:02  Spawning Pool  
  14  1:12  Drone, Extractor x2  
  14  1:17  Drone  
  15  1:25  Overlord  
  15  1:51  Zergling x6  
  18  1:56  Zergling x2  
  18  1:58  Queen  
  20  2:02  Spine Crawler  
  20  2:06  Zergling x2  
  20  2:09  Zergling x2  
  21  2:24  Zergling x4  
  23  2:46  Metabolic Boost  
  23  3:00  Overlord  
  23  3:01  Zergling x6  
  26  3:11  Baneling Nest  
  25  3:15  Drone  
  26  3:26  Zergling x2  
  27  3:32  Drone x2  
  29  3:55  Baneling x2  
  29  3:58  Drone  
  29  3:59  Evolution Chamber  
  29  4:02  Drone  
  30  4:20  Baneling x2  
  19  4:58  Zergling x2  
  19  4:59  Zergling x10  
  24  5:06  Zergling x12  
  30  5:09  Zerg Ground Armor Level 1  
  30  5:17  Baneling x3  
  30  5:39  Drone x5  
  27  6:15  Baneling x2  
  26  6:20  Zergling x2  
  26  6:21  Zergling x18  
  33  6:35  Drone x2  
  35  6:41  Zergling x2  
  35  7:03  Roach Warren  
  35  7:04  Queen  
  35  7:07  Zergling x2  
  35  7:09  Overlord  
  35  7:12  Hatchery  
  32  7:27  Zergling x2  
  32  7:28  Zergling x8  
  36  7:39  Baneling  
  36  7:42  Zergling x2  
  36  7:43  Zergling x8  
  35  7:53  Overlord x2  
  35  8:16  Roach x4  
  38  8:42  Roach x3  
Tags
 
Add a new tag
Caveats
  • Supply blocks, unpowered buildings, or Contaminate may cause inaccurate times.
  • Supply counts are checked every 10 seconds.